 Dungeon Crawl Stone Soup version 0.21-a0-110-g8e1637b (webtiles) character file.

163 Lianjan the Ruffian (level 5, -7/41 HPs)
             Began as a Draconian Transmuter on July 10, 2017.
             Mangled by a gnoll
             ... wielding a +0 halberd
              (13 damage)
             ... on level 3 of the Dungeon.
             The game lasted 00:06:01 (3157 turns).

Lianjan the Ruffian (Draconian Transmuter)          Turns: 3157, Time: 00:06:01

Health: -7/41      AC:  2    Str: 13    XL:     5   Next: 20%
Magic:  1/8        EV: 19    Int: 14    God:
Gold:   124        SH:  0    Dex: 16    Spells: 2/8 levels left

rFire    . . .     SeeInvis .     - Unarmed
rCold    . . .     Gourm    .   (shield currently unavailable)
rNeg     . . .     Faith    .   (armour unavailable)
rPois    x         Spirit   .   (helmet currently unavailable)
rElec    .         Reflect  .   (cloak currently unavailable)
rCorr    .         Harm     .   (gloves currently unavailable)
MR       .....                  (boots currently unavailable)
Stlth    +.........             (no amulet)
HPRegen  0.13/turn              (no ring)
MPRegen  0.11/turn              (no ring)

@: about to teleport, spider-form, very slightly contaminated
A: unfitting armour, AC +5
a: End Transformation


You were on level 3 of the Dungeon.
You were hungry.
You were a venomous arachnid creature.
You visited 1 branch of the dungeon, and saw 3 of its levels.

You collected 124 gold pieces.

Inventory:

Missiles
 a - 4 arrows
 i - 92 stones (quivered)
Armour
 n - a +0 cloak (melded)
Jewellery
 d - an uncursed ring of see invisible {unknown}
 f - an uncursed amulet of guardian spirit {unknown}
Scrolls
 g - a scroll of teleportation
 k - a scroll of remove curse {unknown}
 o - a scroll of identify {unknown}
 p - a scroll of magic mapping {unknown}
Potions
 l - a potion of lignification {unknown}
 m - a potion of flight {unknown}
Books
 b - a book of Changes

   Spells                             Type                      Level
   a - Beastly Appendage              Transmutation                1
   b - Sticks to Snakes               Transmutation                2
   c - Spider Form                    Transmutation/Poison         3
   d - Ice Form                       Ice/Transmutation            4
   e - Blade Hands                    Transmutation                5
Comestibles
 c - a bread ration
 j - 8 chunks of flesh


   Skills:
 + Level 2.0 Fighting
 - Level 1.7 Dodging
 + Level 4.4 Unarmed Combat
 - Level 2.0 Spellcasting
 * Level 3.1 Transmutations
 * Level 2.2 Poison Magic


You had 2 spell levels left.
You knew the following spells:

 Your Spells              Type           Power        Failure   Level  Hunger
a - Beastly Appendage     Tmut           ##....       17%         1    ##.....
b - Sticks to Snakes      Tmut           ##......     24%         2    ###....
c - Spider Form           Tmut/Pois      #.........   45%         3    ####...


Dungeon Overview and Level Annotations

Branches:
Dungeon (3/15)

Altars:
Hepliaklqana
Uskayaw
Xom
Zin


Innate Abilities, Weirdness & Mutations

((Your plain brown scales are hard. (AC +5)))
You cannot fit into any form of body armour.
((You are cold-blooded and may be slowed by cold attacks.))


Message History

Casting: Spider Form
Confirm with . or Enter, or press ? or * to list all spells.
You turn into a venomous arachnid creature.
Your +0 cloak melds into your body.
The gnoll hits you.
You hit the gnoll but do no damage.
The gnoll is poisoned.
The gnoll hits you from afar with a halberd!
* * * LOW HITPOINT WARNING * * *
The gnoll closely misses you.
As you read the scroll labeled NOLAANIGAGEN, it crumbles to dust.
You hear a very strange noise.
It was a scroll of random uselessness.
The gnoll misses you.
As you read the scroll labeled NETAUFO VAFEERR, it crumbles to dust.
You feel strangely unstable.
It was a scroll of teleportation.
The gnoll completely misses you. The gnoll misses you.
As you read the scroll labeled ESICOKL WACWU, it crumbles to dust.
It is a scroll of enchant weapon.
You aren't carrying any weapons that can be enchanted.
The gnoll completely misses you.
The gnoll hits you from afar with a halberd!
You die...

#...(......###....
..g..g.<#
....##(.)......# ..
....)...#
.......%.......##...
......#.#
...###.....>........
........# .
#.........#### ..###
..#
......#....########. .
#..#
....######............
#.S#
....#####....#g######
#..#
..........##...gs#
....###..#########
.... #.##..)..... ...
#.##........
#.##.##........
###.>............
#>.....##........
...##.#.<#........ ##
#..##รท)........


You could see 2 gnolls.

Vanquished Creatures
  A worker ant (D:2)
  2 gnolls (D:3)
  2 adders
  An ooze (D:2)
  2 dart slugs (D:1)
  6 leopard geckos
  An orc (D:3)
  4 giant cockroaches
  5 goblins
  2 hobgoblins
  A ball python (D:1)
  5 bats
  6 frilled lizards
  2 kobolds (D:1)
  4 rats
44 creatures vanquished.

Vanquished Creatures (collateral kills)
  2 orc wizards (D:3)
  An adder (D:3)
  3 orcs (D:3)
  A frilled lizard (D:3)
7 creatures vanquished.

Grand Total: 51 creatures vanquished

Notes
Turn   | Place    | Note
-------+----------+-------------------------------------------
     0 | D:1      | Lianjan the Draconian Transmuter began the quest for the Orb.
     0 | D:1      | Reached XP level 1. HP: 16/16 MP: 3/3
   279 | D:1      | Reached XP level 2. HP: 20/23 MP: 3/5
   970 | D:1      | Reached skill level 4 in Unarmed Combat
  1122 | D:1      | Reached XP level 3. HP: 26/28 MP: 4/6
  1126 | D:1      | Learned a level 2 spell: Sticks to Snakes
  1130 | D:1      | Learned a level 3 spell: Spider Form
  2089 | D:2      | Found a glowing silver altar of Zin.
  2093 | D:2      | Found a hide-covered altar of Uskayaw.
  2094 | D:2      | Found a shimmering altar of Xom.
  2097 | D:2      | Found a hazy altar of Hepliaklqana.
  2297 | D:2      | Reached skill level 1 in Poison Magic
  2297 | D:2      | Reached XP level 4. HP: 17/35 MP: 4/7
  3074 | D:3      | Reached XP level 5. HP: 33/41 MP: 4/8
  3157 | D:3      | Mangled by a gnoll

Vault maps used:
D:1:      dpeg_arrival_simpleton_c
D:2:      minitemple, minmay_misc_feat_tower
D:3:      bloody_trog, uniq_terence

Skill      XL: |  1  2  3  4  5 |
---------------+----------------+-----
Unarmed Combat | 4 |  4.4
Poison Magic   | 1 2 |  2.2
Transmutations | 3 |  3.1
Fighting       | 2 |  2.0
Dodging        | |  1.7
Spellcasting   | |  2.0

Action                   |  1- 3 |  4- 6 || total
-------------------------+-------+-------++-------
Melee: Unarmed           |   125 |    45 ||   170
       Tailslap          |     7 |     5 ||    12
       Kick              |     7 |     1 ||     8
       Headbutt          |     2 |     1 ||     3
       Punch             |     2 |       ||     2
Throw: Stone             |    25 |     8 ||    33
 Cast: Beastly Appendage |    25 |     6 ||    31
       Sticks to Snakes  |     1 |     7 ||     8
       Spider Form       |       |     3 ||     3
  Use: Potion            |       |     1 ||     1
       Scroll            |       |     3 ||     3
  Eat: Chunk             |     4 |     4 ||     8
Armor: Skin              |    36 |    13 ||    49
Dodge: Dodged            |    81 |    32 ||   113
